 Dungeon Crawl Stone Soup version 0.32-a0-516-g94ed278cf8 (webtiles) character file.

Game seed: 3216587466470317820

39 Essalna the Digger (level 3, -5/19 HPs)
             Began as a Gargoyle Earth Elementalist on Feb 27, 2024.
             Slain by Terence
             ... wielding a +0 hand axe
              (7 damage)
             ... on level 2 of the Dungeon.
             The game lasted 00:01:48 (884 turns).

Essalna the Digger (Gargoyle Earth Elementalist)     Turns: 884, Time: 00:01:49

Health: -5/19      AC:  5    Str: 11    XL:     3   Next: 45%
Magic:  6/6        EV: 11    Int: 17    God:
Gold:   90         SH:  3    Dex: 10    Spells: 6/7 levels left

rFire   + . .        e - +0 spear
rCold   + . .        h - +0 buckler
rNeg    + . .        a - +0 robe
rPois   ∞            (no helmet)
rElec   +            (no cloak)
rCorr   +            (no gloves)
SInv    .            (no boots)
Will    .....        (no amulet)
Stlth   ++           (no ring)
HPRegen 0.23/turn    (no ring)
MPRegen 0.10/turn

%: no passive effects
@: resistant
A: sickness immunity, AC +3, negative energy resistance 1, electricity
resistance, torment resistance 1, petrification resistance
a: no special abilities


You were on level 2 of the Dungeon.
You visited 1 branch of the dungeon, and saw 2 of its levels.

You collected 90 gold pieces.

Inventory:

Hand Weapons
 e - a +0 spear (weapon)
Armour
 a - a +0 robe (worn)
 h - a +0 buckler (worn)
Scrolls
 c - a scroll of vulnerability {unknown}
 f - a scroll of blinking {unknown}
 g - a scroll of amnesia {unknown}


   Skills:
 - Level 1.5 Dodging
 - Level 2.1 Stealth
 + Level 0.2 Shields
 + Level 2.6 Spellcasting
 + Level 2.1 Conjurations
 + Level 4.2 Earth Magic


You had 6 spell levels left.
You knew the following spells:

 Your Spells              Type           Power      Damage    Failure   Level
a - Sandblast             Erth           32%        2d9       4%          1

Your spell library contained the following spells:

 Spells                   Type           Power      Damage    Failure   Level
 Passwall                 Erth           16%        N/A       14%         3
 Stone Arrow              Conj/Erth      26%        3d8       22%         3
 Brom's Barrelling Bould  Conj/Erth      13%        2d4       56%         4
 Petrify                  Alch/Erth      9%         N/A       73%         4


Dungeon Overview and Level Annotations

Branches:
Dungeon (2/15)

Altars:

Annotations:
D:2 Terence


Innate Abilities, Weirdness & Mutations

You are immune to sickness and miasma.
Your stone body is resilient. (AC +3)
You are immune to poison.
You resist negative energy. (rN+)
You are resistant to electric shocks. (rElec)
You are resistant to unholy torment.
You are immune to petrification.


Message History

The blast of sand hits Terence but does no damage.
Terence is moderately wounded.
Terence hits you but does no damage. You block Terence's attack.
Casting: Sandblast (safe; 4% risk of failure)
Confirm with . or Enter, or press ? or * to list all spells.
Aiming: Sandblast (safe; 4% risk of failure)
Press: ? - help, Shift-Dir - straight line, f/p - Terence
Aim: Terence, wielding a +0 hand axe and wearing a +0 scale mail (moderately wounded, 84% to hit)
You miscast Sandblast.
You are very lightly contaminated with residual magic.
Nothing appears to happen.
Terence hits you with a +0 hand axe.
Casting: Sandblast (safe; 4% risk of failure)
Confirm with . or Enter, or press ? or * to list all spells.
Aiming: Sandblast (safe; 4% risk of failure)
Press: ? - help, Shift-Dir - straight line, f/p - Terence
Aim: Terence, wielding a +0 hand axe and wearing a +0 scale mail (moderately wounded, 84% to hit)
The blast of sand hits Terence but does no damage.
Terence is moderately wounded.
Terence completely misses you.
Casting: Sandblast (safe; 4% risk of failure)
Confirm with . or Enter, or press ? or * to list all spells.
Aiming: Sandblast (safe; 4% risk of failure)
Press: ? - help, Shift-Dir - straight line, f/p - Terence
Aim: Terence, wielding a +0 hand axe and wearing a +0 scale mail (lightly wounded, 84% to hit)
The blast of sand hits Terence but does no damage.
Terence is lightly wounded.
Terence hits you with a +0 hand axe. Terence hits you with a +0 hand axe!
* * * LOW HITPOINT WARNING * * *
Okay, then.
It was a potion of resistance.
You feel protected. You block Terence's attack.
Terence attacks as he pursues you! Terence hits you with a +0 hand axe.
* * * LOW HITPOINT WARNING * * *
Your magical contamination has completely faded away.
Terence attacks as he pursues you! Terence hits you with a +0 hand axe.
* * * LOW HITPOINT WARNING * * *
Magic courses through your body. Terence hits you with a +0 hand axe!
You die...
Terence says, "Rest in peace."

#### _..### .....###
.......#### ####
..........###########..#
...............@@.....)##
###.###.............###.##
##..###.........### ##.#
#### ###.....###.###.##
####### #.#.## ##.)..##
#......## #.......#
#......##


You could see Terence.

Vanquished Creatures
  A dart slug (D:1)
  A ribbon worm (D:2)
  3 ball pythons (D:1)
  2 bats (D:1)
  3 giant cockroaches (D:1)
  5 goblins
  4 hobgoblins (D:1)
  3 jackals (D:1)
  2 frilled lizards (D:1)
  4 kobolds
  3 rats
31 creatures vanquished.

Notes
Turn   | Place    | Note
-------+----------+-------------------------------------------
     0 | D:1      | Essalna the Gargoyle Earth Elementalist began the quest for
                  | the Orb.
     0 | D:1      | Reached XP level 1. HP: 10/10 MP: 3/3
    78 | D:1      | Reached XP level 2. HP: 14/15 MP: 3/5
   177 | D:1      | Reached skill level 4 in Earth Magic
   257 | D:1      | Reached XP level 3. HP: 19/19 MP: 3/6
   677 | D:2      | Found a faded altar of an unknown god.
   815 | D:2      | Noticed Terence
   884 | D:2      | Slain by Terence

Illustrated notes

Levels and vault maps discovered:
D:1:      ebering_trefoil_twist, layout_rooms, minmay_tree_intersection
D:2:      layout_loops_ring, hellmonk_ecumenical_altar_zigzags, uniq_terence

Skill      XL: |  1  2  3 |
---------------+----------+-----
Earth Magic    | 4 |  4.2
Conjurations   | 2 |  2.1
Dodging        | |  1.5
Stealth        | |  2.1
Shields        | |  0.2
Spellcasting   | |  2.6

Action                     || total
---------------------------++-------
  Melee: Unarmed           ||     1
         Punch             ||     1
         Spear             ||     8
   Cast: Sandblast         ||    43
    Use: Potion            ||     2
   Stab: Sleeping          ||     1
 Armour: Robe              ||    16
  Dodge: Dodged            ||     6
         Repelled          ||     1
  Block: Buckler           ||     2

Table legend: (Time is in decaauts)
 A = Elapsed time spent in this place.
 B = Non-inter-level travel time spent in this place.
 C = Inter-level travel time spent in this place.
 D = Time resting spent in this place.
 E = Time spent auto-exploring this place.
 F = Levels seen in this place.
 G = Mean time per level.
                   A        B        C        D        E       F      G
               +--------+--------+--------+--------+--------+-----+--------+
         Total |    905 |    891 |     14 |      0 |    661 |   2 |  452.5 |
       Dungeon |    905 |    891 |     14 |      0 |    661 |   2 |  452.5 |
               +--------+--------+--------+--------+--------+-----+--------+

Top non-repeatable levels by time:
     D:1: 618 daAuts
     D:2: 286 daAuts
